AoeStats
← Tyr Lion

Arabia

508625536Analyzed
1v1 RM · 10d ago on Sep 23, 2026· 50m 20s· 2 players
Game mode
Random Map
Map size
Tiny (2 player)
Population
200
Speed
Normal
Resources
Standard
Victory
Conquest
Starting age
Dark Age
Ending age
Imperial Age
RankedLock teamsTeams togetherTeam positionsShared explorationLock speedFull tech treeHidden civsTurbo modeCheats
Victory
Defeat
🇹🇷 Sicilians · Türkiye
806
+16
🇨🇿 Danes · Czechia
808
-21
Kafaarkasi
8:32 Loom
11:45 Feudal Age
13:51 Double-Bit Axe
13:49 Horse Collar
22:59 Castle Age
22:27 Stone Mining
23:45 Scale Mail Armor
23:49 Padded Archer Armor
30:10 Chain Mail Armor
34:16 Forging
34:25 Leather Archer Armor
38:08 Wheelbarrow
38:10 Iron Casting
40:17 Hand Cart
39:55 Gold Mining
40:19 Bow Saw
40:12 Heavy Plow
48:36 Imperial Age
49:17 Elite Serjeant
Tyr Lion
8:19 Loom
10:24 Feudal Age
12:34 Double-Bit Axe
12:35 Horse Collar
14:10 Wheelbarrow
19:50 Castle Age
19:27 Forging
21:33 Gambesons
22:25 Arson
22:46 Squires
23:53 Bow Saw
24:13 Heavy Plow
24:12 Arson
36:29 Scale Mail Armor
42:24 Imperial Age
41:06 Iron Casting
44:02 Chain Mail Armor
46:23 Arrowslits
47:39 Chemistry
Connection lost

Rejoining the realm…

Still unreachable

The connection could not be restored.

Session expired

The server has moved on; the page needs a fresh start.